 Dungeon Crawl Stone Soup version 0.20-a0-540-ge6d1839 (webtiles) character file.

308124 Klosterheim the Impregnable (level 20, -27/176 HPs)
             Began as a Minotaur Fighter on Jan 29, 2017.
             Was a High Priest of Okawaru.
             Killed from afar by a lich (50 damage)
             ... with a crystal spear
             ... on level 4 of the Vaults.
             The game lasted 01:50:27 (41174 turns).

Klosterheim the Impregnable (Minotaur Fighter)     Turns: 41174, Time: 01:50:27

Health: -27/176    AC: 45    Str: 28    XL:     20   Next: 34%
Magic:  19/22      EV: 22    Int:  5    God:    Okawaru [*****.]
Gold:   1100       SH:  0    Dex: 15    Spells: 19/19 levels left

rFire    . . .     SeeInvis .   b - +7 executioner's axe (freeze)
rCold    + . .     Gourm    .   v - +7 plate armour of the Turtledove {rElec rC+}
rNeg     . . .     Faith    .   (shield currently unavailable)
rPois    +         Spirit   .   O - +2 hat
rElec    +         Reflect  .   j - +2 cloak {+Inv}
rCorr    .         Harm     .   X - +2 pair of gloves {Dex+3}
MR       +....                  h - +0 pair of boots
Stlth    ..........             U - amulet of regeneration
Regen    0.8/turn               t - ring of poison resistance
                                c - +4 ring of protection

@: heroism, finesse, very slightly contaminated
A: retaliatory headbutt, horns 2, low mp 1
}: 2/15 runes: decaying, serpentine
a: Heroism, Finesse, Renounce Religion, Evoke Invisibility


You were on level 4 of the Vaults.
You worshipped Okawaru.
Okawaru was extremely pleased with you.
You were hungry.

You visited 7 branches of the dungeon, and saw 36 of its levels.
You also visited: Sewer.

You collected 3256 gold pieces.
You spent 2156 gold pieces at shops.

Inventory:

Hand Weapons
 a - a +6 longbow of flaming
 b - a +7 executioner's axe of freezing (weapon)
 J - the +8 Wrath of Trog {antimagic, *Rage}
   (Okawaru gifted it to you on level 1 of the Lair of Beasts)

   It reduces the magical energy of the wielder, and disrupts the spells and
   magical abilities of those hit.
   Natural abilities and divine invocations are not affected.
   It may make you go berserk in combat.
Missiles
 Q - 758 arrows
Armour
 h - a +0 pair of boots (worn)
 j - a +2 cloak of invisibility (worn)
 v - the +7 plate armour of the Turtledove (worn) {rElec rC+}
   (You bought it in a shop on level 2 of the Orcish Mines)

   It protects you from cold.
   It insulates you from electricity.
 O - a +2 hat (worn)
 X - a +2 pair of gloves of dexterity (worn)
Jewellery
 c - a +4 ring of protection (left hand)
 i - an uncursed ring of wizardry
 q - an uncursed amulet of magic regeneration
 t - a ring of poison resistance (right hand)
 z - an uncursed ring of resist corrosion
 N - an uncursed ring of protection from fire
 T - an uncursed ring of see invisible
 U - an amulet of regeneration (around neck)
Scrolls
 k - 6 scrolls of remove curse
 n - 4 scrolls of fog
 s - 7 scrolls of teleportation
 u - 13 scrolls of identify
 w - 3 scrolls of brand weapon
 y - a scroll of summoning
 C - 10 scrolls of recharging
 E - a scroll of enchant armour
 F - 3 scrolls of magic mapping
 L - a scroll of blinking
 Z - 3 scrolls of fear
Potions
 d - 3 potions of might
 e - 3 potions of agility
 p - 2 potions of cancellation
 r - 13 potions of curing
 x - a potion of invisibility
 A - 2 potions of ambrosia
 G - 3 potions of lignification
 I - 3 potions of flight
 K - 2 potions of brilliance
 M - 3 potions of resistance
 R - 5 potions of haste
Miscellaneous
 B - a phial of floods (inert)
 S - a fan of gales
 W - a lamp of fire (inert)
Comestibles
 f - 20 bread rations
 g - 25 meat rations
 m - 20 chunks of flesh
 o - 13 royal jellies
 P - 21 fruits


   Skills:
 + Level 14.7(19.7) Fighting
 - Level 21.0(26.0) Axes
 - Level 13.0(18.0) Bows
 + Level 21.5(26.5) Armour
 - Level 17.2(22.2) Dodging
 - Level 4.3(9.3) Stealth
   Level 3.6(8.6) Shields
 - Level 8.6 Invocations
 - Level 6.6 Evocations


You had 19 spell levels left.
You didn't know any spells.

Dungeon Overview and Level Annotations

Branches:
Dungeon (15/15)            Temple (1/1) D:5            Lair (6/6) D:9
  Swamp (4/4) Lair:4        Snake (4/4) Lair:2        Slime (0/5) Lair:5
    Orc (2/2) D:12            Elf (0/3) Orc:2        Vaults (4/5) D:13
  Crypt (0/3) Vaults:3     Depths (0/5) D:15

Altars:
Ashenzari
Cheibriados
Dithmenos
Elyvilon
Fedhas
Gozag
Hepliaklqana
Kikubaaqudgha
Makhleb
Nemelex Xobeh
Okawaru
Ru
Sif Muna
Trog
Uskayaw
Vehumet
Xom
Yredelemnul
Zin
The Shining One
Beogh

Shops:
D:8 (   D:12 !   Orc:2 }*[[   Snake:1 !   Snake:3 ?   Vaults:1 (   Vaults:3 :
Vaults:4 }

Annotations:
Orc:1 Urug


Innate Abilities, Weirdness & Mutations

You reflexively headbutt those who attack you in melee.
You have a pair of horns on your head.
Your magical capacity is low. (-10% MP)


Message History

You feel much better.
The lich touches you but does no damage.
Something hits you but does no damage.
The vault sentinel blows a loud note on a signal horn!
You hear a shout!
You hear an angry buzzing noise.
Okay, then.
As you read the scroll of holy word, it crumbles to dust.
You speak a Word of immense power!
The lich convulses!
The tentacled monstrosity convulses!
The lich touches you.
* * * LOW HITPOINT WARNING * * *
The lich misses you. You furiously retaliate!
You headbutt the lich.
The tentacled monstrosity is lost in a daze.
Something hits you but does no damage.
Blink to where?
Press: ? - help, Dir - move target cursor You are very lightly contaminated with residual magic.
As you read the scroll of blinking, it crumbles to dust.
The lich gestures at you while chanting.
The crystal spear hits you!
You die...

###
#.#
#.###
#(.@#
#p..#
#L###
#ยง###
#.{.#
#...#
#X###
#G#


#Dc You could see a lich (dazed) and a vault sentinel.

Vanquished Creatures
  Nikola (Snake:4)
  A lich (Vaults:3)
  Asterion (Snake:3)
  Agnes (Snake:1)
  2 sphinxes (Vaults:4)
  4 thorn hunters
  8 vault wardens
  Donald (Swamp:2)
  10 nagarajas
  A fire giant (Vaults:4)
  Louise (D:14)
  2 orc warlords
  A very ugly thing (Swamp:2)
  13 ironheart preservers
  2 entropy weavers (Vaults:2)
  12 stone giants
  3 deep elf annihilators
  3 deep elf demonologists (Vaults:4)
  An ettin (D:15)
  Josephine (D:13)
  4 fire dragons
  A deep elf death mage (Vaults:3)
  2 ice dragons
  17 slime creatures
  2 great orbs of eyes (Vaults:3)
  20 hydras
  8 vault guards
  Fannar (Lair:3)
  18 naga warriors
  5 centaur warriors
  2 catoblepae
  10 ogre magi
  6 alligators
  2 ghost crabs
  5 merfolk avatars (Swamp:4)
  40 two-headed ogres
  The ghost of 4thArraOfDagon the Cleaver, a novice BaBe of Trog (D:11)
  A death knight (Vaults:3)
  A tengu warrior (D:14)
  A dancing weapon (Vaults:4)
  5 death yaks (Lair:6)
  12 anacondas
  3 deep troll shamans
  A deep troll earth mage (Vaults:4)
  7 naga sharpshooters
  4 orc high priests
  9 shock serpents
  7 deep elf knights
  Nergalle (Lair:1)
  A shadow wraith (Vaults:3)
  A storm dragon skeleton (Vaults:3)
  A salamander mystic (Snake:3)
  3 spriggan druids
  3 skeletal warriors (Vaults:3)
  A flayed ghost (Vaults:3)
  3 shambling mangroves
  2 swamp dragons (shapeshifter)
  16 naga ritualists
  6 deep trolls
  2 wizards
  9 swamp dragons (Swamp:4)
  13 deep elf magi
  6 deep elf archers
  5 harpies (Vaults:3)
  12 ironbrand convokers
  A lindwurm (Lair:6)
  8 orc knights
  An ugly thing (D:12)
  3 orc sorcerers (Orc:2)
  4 cyclopes
  A manticore (D:12)
  3 salamanders
  15 mana vipers
  2 wolf spiders
  2 sphinx skeletons (Vaults:3)
  19 elephants
  A fire giant skeleton (Vaults:3)
  A centaur zombie (D:14)
  A guardian serpent (shapeshifter) (D:14)
  6 human skeletons (Vaults:3)
  35 black mambas
  A stone giant skeleton (Vaults:3)
  A frost giant skeleton (Vaults:3)
  3 guardian serpents
  23 naga magi
  10 vault sentinels
  2 centaur skeletons
  A gargoyle (D:15)
  A spiny frog (shapeshifter) (Vaults:4)
  11 spiny frogs
  20 yaktaurs
  4 rime drakes
  6 komodo dragons
  3 freezing wraiths
  2 kobold demonologists
  3 yaktaur skeletons (Vaults:3)
  8 trolls
  2 polar bears (Lair:6)
  A jumping spider (shapeshifter) (Vaults:2)
  A jumping spider (Vaults:2)
  A hornet (shapeshifter) (Vaults:1)
  14 hornets
  A meliai (shapeshifter) (Vaults:1)
  6 tyrant leeches
  A raiju (shapeshifter) (Vaults:2)
  19 blink frogs
  Grinder (D:6)
  11 hippogriffs
  6 bog bodies
  A dream sheep (shapeshifter) (Vaults:3)
  5 dream sheep (Lair:6)
  2 stone giant simulacra
  4 redbacks (Vaults:2)
  2 centaur simulacra
  4 shadows
  2 tarantellas (shapeshifter) (Vaults:1)
  A wyvern (shapeshifter) (Vaults:3)
  6 wraiths
  45 yaks
  A yak (shapeshifter) (Vaults:4)
  4 spriggans
  Grum (D:10)
  2 wyverns
  2 basilisks (shapeshifter) (Vaults:2)
  3 basilisks
  A hog (shapeshifter) (Vaults:3)
  A human (shapeshifter) (Vaults:1)
  A steam dragon (D:10)
  14 vampire mosquitoes
  2 hungry ghosts
  5 wargs
  Menkaure (D:5)
  46 nagas
  8 insubstantial wisps (Swamp:4)
  A soldier ant (shapeshifter) (Vaults:2)
  22 swamp worms
  2 acid dragons
  11 water moccasins
  11 porcupines
  2 phantoms (D:10)
  Duvessa (D:6)
  4 black bears
  23 ogres
  27 orc warriors
  An eye of draining (D:14)
  6 sky beasts
  A meliai simulacrum (D:14)
  An eye of draining (shapeshifter) (Vaults:2)
  A hornet zombie (D:15)
  11 swamp drakes
  7 ice beasts
  21 wolves
  17 centaurs
  19 big kobolds
  8 crocodiles
  A gnoll sergeant (D:8)
  20 bullfrogs
  Dowan (D:6)
  2 water moccasin zombies
  A scorpion (shapeshifter) (Vaults:1)
  4 scorpions
  4 wights (D:10)
  10 killer bees
  2 howler monkeys
  8 crimson imps
  4 jellies
  3 quasits
  15 orc priests
  Crazy Yiuf (D:5)
  2 hounds
  Jessica (D:3)
  4 hell rats
  3 iguanas
  25 orc wizards
  13 worker ants
  2 worker ant zombies
  Robin (D:3)
  10 gnolls
  19 adders
  3 shadow imps
  3 oozes
  5 worms
  6 dart slugs
  6 leopard geckos
  81 orcs
  3 ball pythons
  7 bats
  6 giant cockroaches
  15 goblins
  10 hobgoblins
  19 jackals
  25 kobolds
  2 quokkas (D:3)
  9 frilled lizards
  4 leopard gecko skeletons
  6 rats
  11 briar patches
  8 fungi
  9 plants
1370 creatures vanquished.

Vanquished Creatures (others)
  A rime drake (Lair:5)
  An orc warrior (Orc:2)
  2 orcs (Orc:2)
  2 briar patches (Swamp:3)
  A bush (D:9)
  5 fungi
  13 plants
25 creatures vanquished.

Grand Total: 1395 creatures vanquished

Notes
Turn   | Place    | Note
-------+----------+-------------------------------------------
     0 | D:1      | Klosterheim the Minotaur Fighter began the quest for the Orb.
     0 | D:1      | Reached XP level 1. HP: 19/19 MP: 0/0
     8 | D:1      | Noticed a dwarf
    12 | D:1      | Noticed a vampire
    12 | D:1      | Noticed a formicid
    14 | D:1      | Noticed a naga
    14 | D:1      | Noticed a ghoul
    16 | D:1      | Noticed a vine stalker
    16 | D:1      | Noticed a halfling
    18 | D:1      | Noticed a felid
    20 | D:1      | Noticed an ogre
    20 | D:1      | Noticed a demonspawn
    22 | D:1      | Noticed a demigod
    22 | D:1      | Noticed a tengu
    24 | D:1      | Noticed a human
    24 | D:1      | Noticed a spriggan
    26 | D:1      | Noticed a gargoyle
    26 | D:1      | Noticed a draconian
    28 | D:1      | Noticed an elf
    28 | D:1      | Noticed an octopode
    30 | D:1      | Noticed a minotaur
    30 | D:1      | Noticed a merfolk
    32 | D:1      | Noticed a troll
    32 | D:1      | Noticed a centaur
   232 | D:1      | Reached XP level 2. HP: 26/26 MP: 1/1
   520 | D:1      | Reached XP level 3. HP: 31/31 MP: 2/2
   945 | D:1      | Reached skill level 1 in Dodging
  1385 | D:2      | Found a sparkling altar of Nemelex Xobeh.
  1464 | D:2      | Reached XP level 4. HP: 36/39 MP: 3/3
  1603 | D:3      | Reached skill level 5 in Axes
  1626 | D:3      | Noticed Jessica
  1648 | D:3      | Killed Jessica
  1771 | D:3      | Noticed Robin
  1784 | D:3      | Reached XP level 5. HP: 41/45 MP: 4/4
  1789 | D:3      | Killed Robin
  2572 | D:4      | Noticed an ogre
  2576 | D:4      | Killed an ogre
  2576 | D:4      | Reached XP level 6. HP: 23/51 MP: 5/5
  2729 | D:4      | Found a glowing drain.
  2738 | Sewer    | Entered a sewer
  3462 | D:4      | Reached XP level 7. HP: 57/57 MP: 6/6
  3581 | D:5      | Entered Level 5 of the Dungeon
  3581 | D:5      | Found a staircase to the Ecumenical Temple.
  3593 | Temple   | Entered the Ecumenical Temple
  3762 | Temple   | Became a worshipper of Warmaster Okawaru
  3826 | D:5      | Noticed Menkaure
  3830 | D:5      | Killed Menkaure
  4309 | D:5      | Found a runed door.
  4313 | D:5      | Noticed Crazy Yiuf
  4320 | D:5      | Killed Crazy Yiuf
  4320 | D:5      | Reached skill level 10 in Axes
  4697 | D:6      | Noticed Grinder
  4706 | D:6      | Killed Grinder
  4706 | D:6      | Reached * piety under Okawaru
  4706 | D:6      | Reached XP level 8. HP: 43/64 MP: 7/7
  5225 | D:6      | Noticed Duvessa
  5227 | D:6      | Noticed Dowan
  5233 | D:6      | Killed Duvessa
  5233 | D:6      | Reached ** piety under Okawaru
  5235 | D:6      | Killed Dowan
  5621 | D:7      | Reached XP level 9. HP: 42/71 MP: 8/8
  5946 | D:7      | Reached skill level 5 in Armour
  6187 | D:7      | Reached skill level 5 in Fighting
  6469 | D:8      | Found Bap Wycellej's Weapon Emporium.
  6843 | D:7      | Reached *** piety under Okawaru
  7819 | D:8      | Noticed a two-headed ogre
  7828 | D:8      | Killed a two-headed ogre
  7828 | D:8      | Reached XP level 10. HP: 90/90 MP: 6/9
  8161 | D:9      | Noticed a deep elf mage
  8170 | D:9      | Killed a deep elf mage
  8170 | D:9      | Reached **** piety under Okawaru
  8285 | D:9      | Reached ***** piety under Okawaru
  8639 | D:9      | Found a staircase to the Lair.
  8971 | D:9      | Noticed a two-headed ogre
  8978 | D:9      | Killed a two-headed ogre
  9171 | D:9      | Reached skill level 15 in Axes
  9329 | D:10     | Entered Level 10 of the Dungeon
  9491 | D:10     | Reached XP level 11. HP: 96/97 MP: 10/10
  9638 | D:10     | Noticed Grum
  9660 | D:10     | Killed Grum
 10451 | D:11     | Got a heavily runed chain mail
 10462 | D:11     | Identified the +4 chain mail of the Secret Spirits {Str+2} (You found it on level 11 of the Dungeon)
 10587 | D:11     | Noticed 4thArraOfDagon's ghost (novice BaBe)
 10597 | D:11     | Killed 4thArraOfDagon's ghost
 10719 | D:11     | Noticed a two-headed ogre
 10725 | D:11     | Killed a two-headed ogre
 10725 | D:11     | Received a gift from Okawaru
 10725 | D:11     | Reached ****** piety under Okawaru
 11078 | D:11     | Found a shattered altar of Ashenzari.
 11269 | D:12     | Noticed a purple ugly thing
 11288 | D:12     | Killed a purple ugly thing
 11425 | D:12     | Found Nuetoul's Distillery.
 11428 | D:12     | Bought a potion of heal wounds for 70 gold pieces
 11428 | D:12     | Bought a potion of haste for 140 gold pieces
 11437 | D:12     | Found an opulent altar of Gozag.
 11543 | D:12     | Reached skill level 10 in Armour
 11567 | D:12     | Received a gift from Okawaru
 11576 | D:12     | Reached skill level 10 in Fighting
 11784 | D:12     | Found a staircase to the Orcish Mines.
 11793 | Orc:1    | Entered Level 1 of the Orcish Mines
 11928 | Orc:1    | Reached skill level 5 in Dodging
 11965 | Orc:1    | Reached XP level 12. HP: 103/106 MP: 11/11
 12046 | Orc:1    | Noticed an ogre mage
 12046 | Orc:1    | Noticed a two-headed ogre
 12048 | Orc:1    | Noticed a two-headed ogre
 12049 | Orc:1    | Noticed a two-headed ogre
 12057 | Orc:1    | Killed an ogre mage
 12062 | Orc:1    | Killed a two-headed ogre
 12062 | Orc:1    | Reached skill level 1 in Invocations
 12062 | Orc:1    | Killed a two-headed ogre
 12065 | Orc:1    | Killed a two-headed ogre
 12065 | Orc:1    | Received a gift from Okawaru
 12069 | Orc:1    | Noticed an orc high priest
 12084 | Orc:1    | Killed an orc high priest
 12382 | Orc:1    | Got a pair of dazzling gloves {god gift}
 12393 | Orc:1    | Identified the +0 pair of gloves of the Heavens {Int+5} (Okawaru gifted it to you on level 1 of the Orcish Mines)
 12400 | Orc:2    | Entered Level 2 of the Orcish Mines
 12408 | Orc:2    | Noticed an orc warlord
 12814 | Orc:2    | Killed an orc warlord
 12960 | Orc:2    | Found a staircase to the Elven Halls.
 12982 | Orc:2    | Found a roughly hewn altar of Beogh.
 13115 | Orc:1    | Noticed Urug
 13279 | Orc:2    | Noticed an orc high priest
 13737 | Orc:2    | Killed an orc high priest
 14034 | Orc:2    | Noticed an orc high priest
 14036 | Orc:2    | Noticed an orc high priest
 14049 | Orc:2    | Killed an orc high priest
 14050 | Orc:2    | Killed an orc high priest
 14050 | Orc:2    | Reached skill level 5 in Invocations
 14058 | Orc:2    | Noticed a two-headed ogre
 14416 | D:12     | Reached XP level 13. HP: 117/117 MP: 15/15
 14487 | Lair:1   | Entered Level 1 of the Lair of Beasts
 14499 | Lair:1   | Received a gift from Okawaru
 14871 | Lair:1   | Noticed Nergalle
 14876 | Lair:1   | Killed Nergalle
 15919 | Lair:2   | Found a staircase to the Snake Pit.
 16713 | Lair:3   | Reached skill level 1 in Stealth
 16779 | Lair:3   | Noticed Fannar
 16786 | Lair:3   | Killed Fannar
 16786 | Lair:3   | Received a gift from Okawaru
 17663 | Lair:4   | Received a gift from Okawaru
 17736 | Lair:4   | Found a staircase to the Swamp.
 19138 | Lair:5   | Found a staircase to the Slime Pits.
 19291 | Lair:5   | Reached XP level 14. HP: 104/127 MP: 15/17
 19849 | Lair:5   | Reached skill level 10 in Dodging
 19855 | Lair:5   | Received a gift from Okawaru
 19923 | Lair:6   | Entered Level 6 of the Lair of Beasts
 20897 | Lair:6   | Received a gift from Okawaru
 21433 | Lair:6   | Got an ancient golden ring
 21435 | Lair:6   | Identified the cursed ring "Oxzyiqem" {rC+ EV-2} (You found it on level 6 of the Lair of Beasts)
 22299 | Orc:2    | Found Adwin's Antique Armour Shop.
 22299 | Orc:2    | Found Pemoable's Antique Armour Emporium.
 22301 | Orc:2    | Found Kexaig's General Store.
 22301 | Orc:2    | Found Con Kul's Gadget Emporium.
 22309 | Orc:2    | Bought a scroll of enchant weapon for 120 gold pieces
 22319 | Orc:2    | Bought an ancient plate armour for 644 gold pieces
 22329 | Orc:2    | Identified the +7 plate armour of the Turtledove {rElec rC+} (You bought it in a shop on level 2 of the Orcish Mines)
 22731 | D:13     | Noticed Josephine
 22738 | D:13     | Killed Josephine
 22749 | D:13     | Received a gift from Okawaru
 23144 | D:13     | Found a shadowy altar of Dithmenos.
 23575 | D:13     | Found a gate to the Vaults.
 23708 | D:14     | Noticed Louise
 23725 | D:14     | Killed Louise
 23817 | D:14     | Reached XP level 15. HP: 136/136 MP: 18/18
 24000 | D:14     | Received a gift from Okawaru
 24206 | D:14     | Found a shimmering altar of Xom.
 24218 | D:14     | Reached skill level 1 in Bows
 24539 | D:14     | Reached skill level 15 in Armour
 24965 | D:15     | Entered Level 15 of the Dungeon
 25308 | D:15     | Found a staircase to the Depths.
 25425 | D:15     | Received a gift from Okawaru
 25884 | Swamp:1  | Entered Level 1 of the Swamp
 26460 | Swamp:1  | Reached skill level 5 in Bows
 26854 | Swamp:2  | Received a gift from Okawaru
 26855 | Swamp:2  | Got a bloodstained hat {god gift}
 26861 | Swamp:2  | Identified the +0 hat of Serendipity {+Blink rElec Str-3} (Okawaru gifted it to you on level 2 of the Swamp)
 26869 | Swamp:2  | Noticed Donald
 26924 | Swamp:2  | Killed Donald
 27139 | Swamp:2  | Paralysed by a hornet for 1 turns
 28403 | Swamp:3  | Reached XP level 16. HP: 138/144 MP: 19/19
 28787 | Swamp:3  | Noticed a thorn hunter
 28806 | Swamp:3  | Killed a thorn hunter
 29165 | Swamp:4  | Entered Level 4 of the Swamp
 29366 | Swamp:4  | Received a gift from Okawaru
 29674 | Swamp:4  | Noticed a thorn hunter
 29687 | Swamp:4  | Killed a thorn hunter
 29694 | Swamp:4  | Noticed a thorn hunter
 29869 | Swamp:4  | Killed a thorn hunter
 30012 | Swamp:4  | Got a decaying rune of Zot
 30027 | Swamp:4  | Noticed a thorn hunter
 30040 | Swamp:4  | Killed a thorn hunter
 31133 | Snake:1  | Entered Level 1 of the Snake Pit
 31133 | Snake:1  | Found Riqempech's Distillery.
 31137 | Snake:1  | Bought a potion of haste for 120 gold pieces
 31137 | Snake:1  | Bought a potion of heal wounds for 60 gold pieces
 31137 | Snake:1  | Bought a potion of haste for 120 gold pieces
 31137 | Snake:1  | Bought a potion of agility for 48 gold pieces
 31137 | Snake:1  | Bought a potion of might for 48 gold pieces
 31329 | Snake:1  | Received a gift from Okawaru
 31367 | Snake:1  | Received a gift from Okawaru
 31540 | Snake:1  | Received a gift from Okawaru
 31541 | Snake:1  | Got a twisted shortbow {god gift}
 31542 | Snake:1  | Identified the +8 shortbow of Gallantry {flame, rElec Str-4 Dex+7 Stlth+} (Okawaru gifted it to you on level 1 of the Snake Pit)
 31608 | Snake:1  | Reached XP level 17. HP: 146/150 MP: 21/21
 31639 | Snake:1  | Noticed Agnes
 31653 | Snake:1  | Killed Agnes
 32178 | Snake:2  | Noticed Asterion
 32360 | Snake:3  | Received a gift from Okawaru
 32411 | Snake:3  | Received a gift from Okawaru
 32543 | Snake:3  | Found Vaddonoc's Magic Scroll Shoppe.
 32867 | Snake:3  | Bought a scroll of enchant weapon for 90 gold pieces
 32867 | Snake:3  | Bought 3 scrolls of identify for 72 gold pieces
 32867 | Snake:3  | Bought a scroll of acquirement for 624 gold pieces
 32876 | Snake:3  | Got a pitted jade amulet
 32877 | Snake:3  | Identified the amulet "Hotosm" {Faith rElec Int+3 Dex+2} (You acquired it on level 3 of the Snake Pit)
 33053 | Snake:3  | Killed Asterion
 33053 | Snake:3  | Reached skill level 1 in Evocations
 33161 | Snake:4  | Entered Level 4 of the Snake Pit
 33326 | Snake:4  | Noticed Nikola
 33334 | Snake:4  | Killed Nikola
 33334 | Snake:4  | Received a gift from Okawaru
 33335 | Snake:4  | Got a pair of warped boots {god gift}
 33367 | Snake:4  | Identified the -5 pair of boots of the Morning Star {*Contam rN+ rCorr} (Okawaru gifted it to you on level 4 of the Snake Pit)
 33388 | Snake:4  | Gained mutation: Your magical capacity is low. (-10% MP) [mutagenic glow]
 34180 | Snake:4  | Reached XP level 18. HP: 155/158 MP: 15/21
 34189 | Snake:4  | Reached skill level 10 in Bows
 34361 | Snake:4  | Got a serpentine rune of Zot
 34597 | Snake:4  | Received a gift from Okawaru
 35582 | Vaults:1 | Entered Level 1 of the Vaults
 35640 | Vaults:1 | Reached skill level 15 in Dodging
 35658 | Vaults:1 | Received a gift from Okawaru
 35702 | Vaults:1 | Received a gift from Okawaru
 37083 | Vaults:1 | Found Quleupoh's Antique Weapon Boutique.
 37657 | Vaults:2 | Reached XP level 19. HP: 135/165 MP: 21/21
 38257 | Vaults:2 | Received a gift from Okawaru
 39473 | Vaults:3 | Received a gift from Okawaru
 39518 | Vaults:3 | Reached skill level 5 in Evocations
 39541 | Vaults:3 | Noticed a lich
 39549 | Vaults:3 | Killed a lich
 40420 | Vaults:3 | Found Ufiazuk's Book Emporium.
 40650 | Vaults:3 | Found a staircase to the Crypt.
 40794 | Vaults:4 | Reached XP level 20. HP: 171/172 MP: 22/22
 40833 | Vaults:4 | Received a gift from Okawaru
 40909 | Vaults:4 | Found Piapnosm's Gadget Shoppe.
 41171 | Vaults:4 | HP: 1/176 [acid (12)]
 41174 | Vaults:4 | Killed from afar by a lich

Vault maps used:
D:1:      kb_arrival_jail, minmay_nonomino_d4
D:2:      nemelex_altar_shiori
D:3:      minmay_misc_feat_rugged, uniq_robin, uniq_jessica
D:4:      enter_ossuary_2, first_bread, portal_sewer_entry_d
D:5:      minmay_temple_entry_mist, uniq_menkaure, uniq_crazy_yiuf_cottage
D:6:      uniq_duvessa, uniq_grinder
D:8:      serial_shops, shop
D:9:      minmay_lair_entry_grove, serial_column_ruins, column_ruins_hut,
          column_ruins_hut, column_ruins_grid_1, column_ruins_grid_1,
          column_ruins_corridor_corner, column_ruins_open_small,
          column_ruins_columns_straight, column_ruins_grid_1, grunt_ogre_cave
D:10:     special_room, uniq_grum
D:11:     minivault_1, nicolae_ashenzari_panopticon
D:12:     hiddenorc1_lemuel, basic_altar, serial_glass, glass_columns_a,
          glass_columns_a, serial_shops, kennysheep_mini_moat
D:13:     david_vaults_5, nicolae_dithmenos_the_darkroom, uniq_josephine
D:14:     grunt_decor_resistance, minmay_ruined_shrine, uniq_louise
D:15:     hangedman_depths_entry_civil_slaughter
Temple:   roderic_octagonal_lattice_temple
Lair:1:   grunt_megastairs_2, uniq_nergalle
Lair:2:   minmay_snake_entry_guardpost_large, infiniplex_staircase_pool
Lair:3:   serial_bayou_shore_b, lemuel_fruit_tree, uniq_fannar
Lair:4:   swamp_mist_pool, hibernation_bobbens
Lair:5:   nicolae_slime_entry_slimehenge
Lair:6:   grunt_lair_end_beastmaster, st_stairs_12
Swamp:1:  evilmike_swamp_ruin_house_6
Swamp:2:  evilmike_swamp_ruin_rubble_2, uniq_donald
Swamp:3:  evilmike_swamp_ruin_house_1
Swamp:4:  swamp_basic_johnstein, swamp_pool1, grunt_lady_of_the_lake
Snake:1:  serial_shops, shop, st_stairs_14, uniq_agnes
Snake:2:  serial_bayou_pond_d, nicolae_snake_serpentine_hallways, st_stairs_11,
          uniq_asterion
Snake:3:  serial_shops, nicolae_shop_crystal
Snake:4:  snake_pit, uniq_nikola
Orc:1:    nicolae_orc_accident_2, uniq_urug
Orc:2:    grunt_orc_tribal_feast, portal_ice_cave_entry_pillars_1, basic_altar,
          serial_shops, freezing_bzr
Vaults:1: hangedman_vaults_pinch, vaults_dpeg_spiral, vaults_dpeg_ring,
          nicolae_vaults_little_squares_2, nicolae_vaults_puzzle_piece,
          v_misc_24, ontoclasm_vaults_shuriken, ontoclasm_vaults_misaligned,
          v_misc_18, nicolae_vaults_sealed_display,
          ontoclasm_vaults_loading_screen, hangedman_vaults_trim, serial_shops,
          shop
Vaults:2: v_misc_19, ontoclasm_vaults_spin, nicolae_vaults_theta,
          vaults_room_pool, hangedman_vaults_maws, hangedman_vaults_impose,
          nicolae_vaults_asterisk, nicolae_vaults_stairing_the_circle,
          nicolae_vaults_ring_of_whatevers, nicolae_vaults_rhombus_5
Vaults:3: nicolae_vaults_network_periphery, nicolae_vaults_little_squares_4,
          v_rooms_2, vaults_dpeg_hooks, hangedman_vaults_corner_blocks,
          minmay_crypt_entry_skeletal_spiral, v_misc_30,
          vaults_room_guarded_vault, grunt_vaults_swirl,
          nicolae_vaults_border_crossing, v_misc_26, v_misc_15,
          hangedman_vaults_stretched_pinwheel, hangedman_vaults_corner_blocks,
          serial_shops, shop_fountains
Vaults:4: nicolae_vaults_circle_grid_b, nicolae_vaults_asterisk, v_misc_22,
          nicolae_vaults_specimen_jars, vaults_dpeg_encased_lava,
          vaults_standard_mumra_enter_the_diamond, vaults_mumra_chevron_long,
          v_misc_33, dpeg_vaults_pockets_of_resistance, v_misc_13, v_misc_19,
          v_misc_12, dpeg_vaults_monster_row, serial_shops, shop
Sewer:    sewer_co_scattered_pipes

Skill      XL: |  1  2  3  4  5  6  7  8  9 10 11 12 13 14 15 16 17 18 19 20 |
---------------+-------------------------------------------------------------+-----
Axes           | 3 4 5 7 8 10 13 15 17 18 20 21 | 21.0
Dodging        | 1 2 3 5 7 9 11 12 14 15 17 | 17.2
Fighting       | 4 8 9 10 11 12 13 14 | 14.7
Armour         | 4 8 9 10 11 13 14 16 17 18 19 20 21 | 21.5
Invocations    | 5 6 7 8 |  8.6
Stealth        | 3 4 |  4.3
Bows           | 6 9 12 13 | 13.0
Evocations     | 3 6 |  6.6
Shields        | |  3.6

Action                   |  1- 3 |  4- 6 |  7- 9 | 10-12 | 13-15 | 16-18 | 19-21 || total
-------------------------+-------+-------+-------+-------+-------+-------+-------++-------
Melee: War axe           |    55 |   209 |   291 |   141 |       |       |       ||   696
       Headbutt          |    10 |    38 |    40 |   110 |   220 |   201 |   144 ||   763
       Battleaxe         |       |       |       |   429 |   394 |       |       ||   823
       Executioner's axe |       |       |       |       |   489 |   974 |   519 ||  1982
 Fire: Longbow           |       |       |       |       |    59 |   115 |       ||   174
Invok: Heroism           |       |       |     1 |    11 |     6 |    28 |    10 ||    56
       Finesse           |       |       |       |     8 |     3 |    15 |     7 ||    33
 Abil: Evoke Blink       |       |       |       |       |     1 |       |       ||     1
Evoke: Lamp of fire      |       |       |       |       |       |       |     1 ||     1
       Phial of floods   |       |       |       |       |       |       |     1 ||     1
  Use: Scroll            |       |     7 |     4 |     7 |    17 |     8 |    12 ||    55
       Potion            |       |     1 |     4 |     5 |     1 |     7 |     1 ||    19
 Stab: Petrified         |       |       |       |       |     2 |       |       ||     2
       Petrifying        |       |       |       |       |     1 |       |       ||     1
       Invisible         |       |       |       |       |       |     2 |       ||     2
       Distracted        |       |       |       |       |       |     1 |       ||     1
  Eat: Chunk             |     2 |     7 |    14 |    21 |    43 |    21 |    11 ||   119
       Fruit             |       |       |       |     2 |     3 |     1 |       ||     6
       Royal jelly       |       |       |       |     1 |       |       |       ||     1
       Bread ration      |       |       |       |       |       |     1 |       ||     1
       Meat ration       |       |       |       |       |       |     1 |       ||     1
Armor: Scale mail        |    33 |    68 |    57 |       |       |       |       ||   158
       Chain mail        |       |       |    64 |   318 |   282 |       |       ||   664
       Skin              |       |       |     9 |     5 |       |    34 |       ||    48
       Plate armour      |       |       |       |       |   431 |   761 |   296 ||  1488
Dodge: Dodged            |    33 |    89 |   140 |   250 |   589 |   774 |   364 ||  2239
